 Dungeon Crawl Stone Soup version 0.17-a0-1105-gbe8b664 (webtiles) character file.

11785 onwiheg the Earth Mage (level 11, -4/54 HPs)
             Began as a Gargoyle Earth Elementalist on May 21, 2015.
             Was a Priest of Vehumet.
             Slain by a red ugly thing (6 damage)
             ... on level 12 of the Dungeon.
             The game lasted 00:53:42 (9602 turns).

onwiheg the Earth Mage (GrEE)                       Turns: 9602, Time: 00:53:42

Health: -4/54      AC: 15    Str: 11    XL:     11   Next: 83%
Magic:  4/15       EV: 11    Int: 23    God:    Vehumet [***...]
Gold:   640        SH:  5    Dex: 10    Spells: 3 memorised, 6 levels left

rFire  + . .     SeeInvis .     a - 121 stones
rCold  + . .     Clarity  .     l - +2 robe {rC+}
rNeg   + + .     SustAb   .     X - +2 buckler
rPois  ∞         Gourm    .     (no helmet)
rElec  +         Spirit   .     m - +0 cloak
rCorr  .         Warding  +     U - +0 pair of gloves
rMut   .         Stasis   .     B - +1 pair of boots
MR     .....                    F - amulet of warding
Stlth  ++........               A - ring of protection from fire
                                h - +3 ring of intelligence

@: not resistant to hostile enchantments, unstealthy
A: negative energy resistance 1, electricity resistance, unbreathing,
petrification resistance, rot immunity, AC +7
a: Renounce Religion


You were on level 12 of the Dungeon.
You worshipped Vehumet.
Vehumet was most pleased with you.
You were not hungry.

You visited 2 branches of the dungeon, and saw 13 of its levels.

You collected 640 gold pieces.

Inventory:

Hand weapons
 V - a +2 whip of electrocution
Missiles
 a - 121 stones (in hand)
Armour
 l - a +2 robe of cold resistance (worn)
 m - a +0 cloak (worn)
 B - a +1 pair of boots (worn)
 U - a +0 pair of gloves (worn)
 X - a +2 buckler (worn)
Jewellery
 h - a +3 ring of intelligence (left hand)
 A - a ring of protection from fire (right hand)
 F - an amulet of warding (around neck)
Magical devices
 b - a wand of hasting (3)
 D - a wand of paralysis (7)
 K - a wand of disintegration (13)
 O - a wand of random effects (35)
 S - a wand of magic darts (14)
 T - a wand of cold (5)
 W - a wand of confusion (36)
Scrolls
 k - 4 scrolls of enchant weapon
 n - 5 scrolls of teleportation
 p - 4 scrolls of remove curse
 y - 3 scrolls of fog
 E - 3 scrolls of magic mapping {unknown}
 H - a scroll of blinking {unknown}
 I - 2 scrolls of enchant armour
 L - a scroll of random uselessness {unknown}
 Q - a scroll of silence {unknown}
 Z - a scroll of holy word {unknown}
Potions
 e - 3 potions of heal wounds
 g - 3 potions of might
 i - 2 potions of haste {unknown}
 o - 5 potions of curing
 q - 2 potions of magic {unknown}
 r - a potion of cure mutation {unknown}
 v - 3 potions of degeneration {unknown}
 w - 4 potions of brilliance {unknown}
 x - 5 potions of lignification {unknown}
 z - a potion of invisibility {unknown}
 C - 2 potions of poison {unknown}
 G - 2 potions of berserk rage {unknown}
 M - 3 potions of flight {unknown}
 R - a potion of ambrosia {unknown}
 Y - a potion of agility {unknown}
Books
 c - a book of Geomancy

   Spells                             Type                      Level
   a - Sandblast                      Earth                        1
   b - Stoneskin                      Transmutation/Earth          2
   c - Passwall                       Transmutation/Earth          3
   d - Stone Arrow                    Conjuration/Earth            3
   e - Petrify                        Transmutation/Earth          4
   f - Lee's Rapid Deconstruction     Earth                        5
 s - a book of the Earth

   Spells                             Type                      Level
   a - Leda's Liquefaction            Hexes/Earth                  4
   b - Bolt of Magma                  Conjuration/Fire/Earth       5
   c - Statue Form                    Transmutation/Earth          6
   d - Iron Shot                      Conjuration/Earth            6
   e - Shatter                        Earth                        9
 u - a book of Transfigurations

   Spells                             Type                      Level
   a - Stoneskin                      Transmutation/Earth          2
   b - Irradiate                      Conjuration/Transmutation    5
   c - Statue Form                    Transmutation/Earth          6
   d - Hydra Form                     Transmutation                6
   e - Dragon Form                    Transmutation                7
 N - a Necronomicon {highlevel, unknown}

   This book is beyond your current level of understanding.

   Spells                             Type                      Level
   a - Haunt                          Necromancy/Summoning         7
   b - Borgnjor's Revivification      Necromancy                   8
   c - Death's Door                   Charms/Necromancy            8
   d - Necromutation                  Transmutation/Necromancy     8
Comestibles
 d - 9 bread rations
 f - 7 meat rations
 j - a slice of pizza
 t - 5 beef jerkies
 J - 7 fruits
 P - 5 royal jellies


   Skills:
 - Level 1.5 Dodging
 - Level 2.1 Stealth
 + Level 2.8 Spellcasting
 - Level 6.6 Conjurations
   Level 0.7 Transmutations
 - Level 19.0 Earth Magic


You had 6 spell levels left.
You knew the following spells:

 Your Spells              Type           Power        Failure   Level  Hunger
a - Sandblast             Erth           ######       0%          1    None
b - Stone Arrow           Conj/Erth      ######       1%          3    ###....
c - Lee's Rapid Deconstr  Erth           ######....   1%          5    ######.


Dungeon Overview and Level Annotations

Branches:
Dungeon (12/15)            Temple (1/1) D:6            Lair (0/8) D:10
    Orc: D:9-12

Altars:
Ashenzari
Cheibriados
Dithmenos
Elyvilon
Fedhas
Gozag
Kikubaaqudgha
Makhleb
Nemelex Xobeh
Okawaru
Qazlal
Ru
Sif Muna
Trog
Vehumet
Xom
Yredelemnul
Zin
The Shining One

Shops:
D:7 (   D:10 :

Annotations:
D:2 bunker


Innate Abilities, Weirdness & Mutations

You are resistant to torment.
Your stone body is resilient (AC +7).
You are immune to poison.
You resist negative energy.
You are resistant to electric shocks.
You can survive without breathing.
You are immune to petrification.
You are immune to rotting.


Message History

The rocky blast hits the red ugly thing.
The red ugly thing is severely wounded.
The red ugly thing gores you but does no damage.
Casting: Sandblast
Confirm with . or Enter, or press ? or * to list all spells.
Aiming: Sandblast
Press: ? - help, Shift-Dir - straight line, f/p - red ugly thing
Aim: a red ugly thing (severely wounded)
The rocky blast misses the red ugly thing.
The red ugly thing closely misses you.
Casting: Sandblast
Confirm with . or Enter, or press ? or * to list all spells.
Aiming: Sandblast
Press: ? - help, Shift-Dir - straight line, f/p - red ugly thing
Aim: a red ugly thing (severely wounded)
The rocky blast misses the red ugly thing.
The red ugly thing gores you.
* * * LOW HITPOINT WARNING * * *
You are engulfed in flames.
You resist.
You die...

#..........#
#.#.####...#
#.#.# ##### #.#.#
### #.#.# #..
#.#.# #.# ##.#.#
#.#
#>...###.#####
#........@u..#
#...########.....
##### ###


You could see a red ugly thing.

Vanquished Creatures
  Snorg (D:11)
  The ghost of HEYYEYAAE the Blocker, an experienced OpFi of Gozag (D:10)
  2 hill giants
  An ugly thing (D:10)
  A cyclops (D:10)
  A fire drake (D:10)
  3 trolls
  Grinder (D:5)
  Sigmund (D:3)
  A hungry ghost (D:10)
  3 hippogriffs (D:10)
  5 yaks (D:10)
  2 steam dragons
  3 orc warriors
  Duvessa (D:6)
  3 phantoms
  2 ice beasts
  A wasp (D:10)
  A black bear (D:6)
  3 centaurs
  7 ogres
  2 big kobolds
  8 giant frogs
  Dowan (D:6)
  A scorpion (D:10)
  6 killer bees (D:9)
  2 jellies
  A spriggan skeleton (D:10)
  5 wights (D:8)
  7 crimson imps
  A giant frog zombie (D:7)
  6 orc priests
  7 hounds
  13 orc wizards
  2 centaur skeletons
  4 centaur zombies
  6 iguanas
  A giant frog skeleton (D:6)
  A quasit (D:10)
  A statue (D:7)
  9 worker ants
  3 hound zombies
  A worker ant zombie (D:7)
  8 gnolls
  17 adders
  4 shadow imps
  An ooze (D:3)
  A worm (D:2)
  11 giant geckos
  47 orcs
  2 bat skeletons (D:4)
  18 hobgoblins
  6 jackals
  3 quokkas
  2 ball pythons
  14 bats
  5 giant cockroaches
  4 giant newts
  20 goblins
  A jackal zombie (D:8)
  21 kobolds
  A quokka skeleton (D:4)
  9 rats
327 creatures vanquished.

Notes
Turn   | Place    | Note
--------------------------------------------------------------
     0 | D:1      | onwiheg the Gargoyle Earth Elementalist began the quest for the Orb.
     0 | D:1      | Reached XP level 1. HP: 10/10 MP: 3/3
   198 | D:1      | Reached skill level 4 in Earth Magic
   223 | D:1      | Reached XP level 2. HP: 13/15 MP: 0/5
   805 | D:1      | Reached skill level 5 in Earth Magic
   805 | D:1      | Reached XP level 3. HP: 19/19 MP: 2/6
  1166 | D:2      | Reached XP level 4. HP: 24/24 MP: 5/7
  1242 | D:1      | Reached skill level 6 in Earth Magic
  1873 | D:3      | Reached XP level 5. HP: 17/28 MP: 3/8
  2005 | D:3      | Reached skill level 7 in Earth Magic
  2245 | D:3      | Reached XP level 6. HP: 32/32 MP: 1/9
  2610 | D:3      | Noticed Sigmund
  2612 | D:3      | Killed Sigmund
  2612 | D:3      | Reached skill level 9 in Earth Magic
  2638 | D:3      | Found a blossoming altar of Fedhas.
  2678 | D:3      | Learned a level 3 spell: Stone Arrow
  2709 | D:4      | Reached XP level 7. HP: 36/36 MP: 10/10
  2928 | D:4      | Reached skill level 10 in Earth Magic
  3638 | D:5      | Entered Level 5 of the Dungeon
  3703 | D:5      | Reached XP level 8. HP: 25/41 MP: 5/11
  3706 | D:5      | Reached skill level 11 in Earth Magic
  3807 | D:5      | Learned a level 5 spell: Lee's Rapid Deconstruction
  4059 | D:5      | Noticed Grinder
  4063 | D:5      | Killed Grinder
  4063 | D:5      | Reached skill level 12 in Earth Magic
  4695 | D:6      | Found a shimmering altar of Xom.
  4695 | D:6      | Found a stormy altar of Qazlal.
  4730 | D:6      | Noticed Duvessa
  4730 | D:6      | Noticed Dowan
  4732 | D:6      | Killed Duvessa
  4734 | D:6      | Killed Dowan
  4734 | D:6      | Reached skill level 13 in Earth Magic
  4737 | D:6      | Reached XP level 9. HP: 45/45 MP: 1/12
  4746 | D:6      | Found a white marble altar of Elyvilon.
  5320 | D:6      | Reached skill level 14 in Earth Magic
  5349 | D:6      | Found a staircase to the Ecumenical Temple.
  5359 | Temple   | Entered the Ecumenical Temple
  5692 | D:7      | Found a radiant altar of Vehumet.
  5701 | D:7      | Became a worshipper of Vehumet
  5786 | D:7      | Found Geock's Antique Weapon Emporium.
  6168 | D:7      | Found a sacrificial altar of Ru.
  6169 | D:7      | Reached skill level 15 in Earth Magic
  6197 | D:7      | Found a sparkling altar of Nemelex Xobeh.
  6410 | D:8      | Acquired Vehumet's first power
  6410 | D:8      | Offered knowledge of Freeze by Vehumet.
  6582 | D:8      | Reached XP level 10. HP: 50/50 MP: 10/13
  6756 | D:8      | Reached skill level 16 in Earth Magic
  6976 | D:9      | Offered knowledge of Flame Tongue by Vehumet.
  7006 | D:9      | Found a snail-covered altar of Cheibriados.
  7006 | D:9      | Found a burning altar of Makhleb.
  7007 | D:9      | Found a basalt altar of Yredelemnul.
  7215 | D:9      | Found a deep blue altar of Sif Muna.
  7246 | D:9      | Found an iron altar of Okawaru.
  7247 | D:9      | Found a bloodstained altar of Trog.
  7529 | D:10     | Entered Level 10 of the Dungeon
  7538 | D:10     | Noticed a white ugly thing
  7546 | D:10     | Killed a white ugly thing
  7546 | D:10     | Reached skill level 17 in Earth Magic
  7567 | D:10     | Noticed HEYYEYAAE's ghost (experienced OpFi)
  7785 | D:10     | Killed HEYYEYAAE's ghost
  7857 | D:10     | Noticed a cyclops
  7927 | D:10     | Offered knowledge of Throw Flame by Vehumet.
  7993 | D:10     | Reached skill level 18 in Earth Magic
  8036 | D:10     | Reached XP level 11. HP: 34/54 MP: 14/14
  8138 | D:10     | Found a runed door.
  8199 | D:10     | Acquired Vehumet's second power
  8296 | D:10     | Found a staircase to the Lair.
  8396 | D:10     | Reached skill level 19 in Earth Magic
  8509 | D:10     | Found Gyzilafubb's Book Shoppe.
  8582 | D:10     | Offered knowledge of Static Discharge by Vehumet.
  8641 | D:10     | Killed a cyclops
  8732 | D:10     | Noticed a hill giant
  8737 | D:10     | Killed a hill giant
  8901 | D:11     | Noticed Snorg
  8906 | D:11     | Killed Snorg
  8906 | D:11     | Reached skill level 5 in Conjurations
  9245 | D:11     | Noticed a hill giant
  9252 | D:11     | Killed a hill giant
  9602 | D:12     | HP: 2/54 [red ugly thing (5)]
  9602 | D:12     | Slain by a red ugly thing

Vault maps used:
D:1:      nicolae_arrival_somewhat_less_tricky_arrival, minmay_misc_feat_square,
          st_stairs_6
D:2:      kennysheep_six_static_rooms, lightli_corner_chamber
D:3:      first_bread, st_stairs_11, fedhas_altar_2, uniq_sigmund
D:4:      kennysheep_nub, kennysheep_generic_room_12
D:5:      uniq_grinder
D:6:      kennysheep_mini_moat, minitemple, temple_hall, uniq_duvessa
D:7:      vehumet_statue, nemelex_xobeh_ov_fountains_minmay, serial_shops, shop,
          nicolae_ru_path_of_blood
D:9:      grunt_temple_overflow_bloody_war, overflow_temple_1_default,
          nicolae_overflow_hidden_temple
D:10:     minmay_lair_entry_lava, serial_shops, nicolae_shop_behind_doors,
          hangedman_tell_no_tales, grunt_tough_drop
D:11:     minmay_statues_item, nicolae_two_hexagons, uniq_snorg
D:12:     kennysheep_cross_bottleneck, grunt_ministairs_14
Temple:   minmay_temple_bridge_a_8

Action                   |  1- 3 |  4- 6 |  7- 9 | 10-12 || total
-------------------------+-------+-------+-------+-------++-------
Melee: Unarmed           |     6 |       |       |       ||     6
       Long sword        |       |    43 |    36 |     1 ||    80
       Whip              |       |       |       |    25 ||    25
 Cast: Sandblast         |    58 |    51 |   184 |   199 ||   492
       Lee's Rapid Decon |       |       |     5 |     8 ||    13
       Stone Arrow       |       |       |       |     9 ||     9
Evoke: Wand              |       |       |       |     1 ||     1
  Use: Scroll            |       |       |       |     8 ||     8
 Stab: Sleeping          |       |       |     1 |       ||     1
  Eat: Chunk             |     2 |     5 |    15 |    11 ||    33
       Pizza             |       |       |       |     2 ||     2
